 Dungeon Crawl Stone Soup version 0.29.1-12-g30fa7ad0bf (webtiles) character file.

Game seed: 18180337356221380750

80 Radix the Caller (level 3, -3/26 HPs)
             Began as a Demigod Summoner on Dec 12, 2022.
             Slain by Grinder (7 damage)
             ... on level 3 of the Dungeon.
             The game lasted 00:25:55 (2649 turns).

Radix the Caller (Demigod Summoner)                 Turns: 2649, Time: 00:25:55

Health: -3/26      AC:  5    Str:  9    XL:     3   Next: 98%
Magic:  0/10       EV: 12    Int: 24    God:
Gold:   98         SH:  0    Dex: 14    Spells: 6/7 levels left

rFire   + . .      SeeInvis .   q - +7 short sword of Famine {vamp, rCorr Int+3 Stlth-}
rCold   + . .      Faith    .   e - orb {light}
rNeg    . . .      Spirit   .   a - +0 robe
rPois   .          Reflect  .   (no helmet)
rElec   .          Harm     +   j - +0 cloak
rCorr   +          Rampage  .   s - +0 pair of gloves
Will    .....                   f - +0 pair of boots
Stlth   +.........              p - amulet of Woipoibb {Acrobat Harm Fragile rF+ rC+}
HPRegen 0.08/turn               (no ring)
MPRegen 0.12/turn               (no ring)

@: glowing
A: high MP 1, forlorn, divine attributes
a: no special abilities


You were on level 3 of the Dungeon.
You visited 1 branch of the dungeon, and saw 3 of its levels.

You collected 98 gold pieces.

Inventory:

Hand Weapons
 q - the +7 short sword of Famine (weapon) {vamp, rCorr Int+3 Stlth-}
   (You found it on level 2 of the Dungeon)

   It occasionally heals its wielder for a portion of the damage dealt when it
   wounds a living foe.
   Int:       It affects your intelligence (+3).
   rCorr:     It protects you from acid and corrosion.
   Stlth:     It makes you less stealthy.
Missiles
 c - 11 poisoned darts (quivered)
Armour
 a - a +0 robe (worn)
 e - an orb of light (worn)
 f - a +0 pair of boots (worn)
 j - a +0 cloak (worn)
 s - a +0 pair of gloves (worn)
Jewellery
 p - the amulet of Woipoibb (around neck) {Acrobat Harm Fragile rF+ rC+}
   (You found it on level 2 of the Dungeon)

   [amulet of the acrobat]

   It increases your evasion while moving and waiting.
   rF:        It protects you from fire.
   rC:        It protects you from cold.
   Fragile:   It will be destroyed if unequipped.
   Harm:      It increases damage dealt and taken.
Scrolls
 d - 2 scrolls of fear {unknown}
 m - 2 scrolls of teleportation {unknown}
 n - 2 scrolls of enchant armour {unknown}
 t - a scroll of immolation {unknown}
Potions
 b - a potion of magic
 h - a potion of invisibility {unknown}
 i - a potion of attraction {unknown}
 k - a potion of heal wounds {unknown}
 l - a potion of ambrosia {unknown}
 o - 2 potions of haste {unknown}
 r - a potion of might {unknown}


   Skills:
 - Level 1.7 Dodging
 - Level 1.7 Stealth
 + Level 2.9 Spellcasting
 + Level 4.4 Summonings


You had 6 spell levels left.
You knew the following spells:

 Your Spells              Type           Power      Damage    Failure   Level
a - Summon Small Mammal   Summ           100%       N/A       1%          1

Your spell library contained the following spells:

 Spells                   Type           Power      Damage    Failure   Level
 Call Imp                 Summ           25%        N/A       2%          2
 Call Canine Familiar     Summ           25%        N/A       5%          3
 Summon Guardian Golem    Hex/Summ       14%        N/A       13%         3
 Summon Lightning Spire   Summ/Air       14%        N/A       41%         4


Dungeon Overview and Level Annotations

Branches:
Dungeon (3/15)

Annotations:
D:3 Grinder


Innate Abilities, Weirdness & Mutations

You have an increased reservoir of magic. (+10% MP)
You shall have no god before yourself.
Your divine heritage dramatically boosts your attributes as you level up.


Message History

Confirm with . or Enter, or press ? or * to list all spells.
Your bat disappears in a puff of smoke!
Grinder gestures at you. You resist with significant effort.
Casting: Summon Small Mammal (safe; 1% risk of failure)
Confirm with . or Enter, or press ? or * to list all spells.
Your quokka disappears in a puff of smoke!
Grinder says, "I used to sell toenails on the black market."
Your bat hits Grinder but does no damage.
Grinder barely misses your bat.
Sorry, you're not good enough to have a special ability.
Casting: Summon Small Mammal (safe; 1% risk of failure)
Confirm with . or Enter, or press ? or * to list all spells.
Your bat hits Grinder but does no damage.
Grinder hits your bat!
Your bat dies!
Your bat's corpse disappears in a puff of smoke!
Casting: Summon Small Mammal (safe; 1% risk of failure)
Confirm with . or Enter, or press ? or * to list all spells.
Grinder hits your quokka.
Your quokka writhes in agony.
Your quokka dies!
Your quokka's corpse disappears in a puff of smoke!
Your quokka barely misses Grinder.
Your quokka barely misses Grinder.
Casting: Summon Small Mammal (safe; 1% risk of failure)
Confirm with . or Enter, or press ? or * to list all spells.
Your quokka bites Grinder.
Grinder hits your quokka!
Your quokka dies!
Your quokka's corpse disappears in a puff of smoke!
Casting: Summon Small Mammal (safe; 1% risk of failure)
Confirm with . or Enter, or press ? or * to list all spells.
Grinder gestures at you. Pain shoots through your body!
Grinder completely misses you.
You hit Grinder.
Grinder is severely wounded.
Grinder hits you!
* * * LOW HITPOINT WARNING * * *
You writhe in agony.
You die...

#...........'.............#.#'
#############...#####.###.....
##...........>....)
#..............†...
#..#######.####.... #..# #.#
##+## #..# #.. #5.# ##.. #.@#
### #rr# #......# ##.#...#
#+#...# ..# .... ###.


You could see Grinder (ally target), a friendly quokka (summoned) and a friendly
rat (summoned).

Vanquished Creatures
  2 adders (D:2)
  4 ball pythons
  5 bats
  3 giant cockroaches
  6 goblins
  A jackal (D:2)
  3 kobolds
  A quokka (D:2)
  A frilled lizard (D:2)
  5 rats
31 creatures vanquished.

Vanquished Creatures (collateral kills)
  5 ball pythons
  3 bats
  5 endoplasms
  6 goblins
  2 hobgoblins (D:2)
  A jackal (D:2)
  2 frilled lizards
  2 rats (D:1)
26 creatures vanquished.

Vanquished Creatures (others)
  A fungus (D:1)
1 creature vanquished.

Grand Total: 58 creatures vanquished

Notes
Turn   | Place    | Note
-------+----------+-------------------------------------------
     0 | D:1      | Radix the Demigod Summoner began the quest for the Orb.
     0 | D:1      | Reached XP level 1. HP: 14/14 MP: 5/5
     2 | D:1      | Noticed a vine stalker
     4 | D:1      | Noticed a demigod
     4 | D:1      | Noticed a draconian
     6 | D:1      | Noticed an elf
     6 | D:1      | Noticed a tengu
     8 | D:1      | Noticed a felid
    10 | D:1      | Noticed a merfolk
    10 | D:1      | Noticed a gargoyle
    12 | D:1      | Noticed a human
    12 | D:1      | Noticed a minotaur
    14 | D:1      | Noticed an octopode
    14 | D:1      | Noticed a ghoul
    16 | D:1      | Noticed a naga
    16 | D:1      | Noticed a palentonga
    18 | D:1      | Noticed an ogre
    18 | D:1      | Noticed a troll
    20 | D:1      | Noticed a demonspawn
    20 | D:1      | Noticed a spriggan
    22 | D:1      | Noticed a meteoran
    22 | D:1      | Noticed a vampire
    24 | D:1      | Noticed a formicid
    26 | D:1      | Noticed a vine stalker
   241 | D:1      | Reached XP level 2. HP: 19/20 MP: 5/7
   315 | D:1      | Reached skill level 4 in Summonings
  1056 | D:2      | Reached XP level 3. HP: 21/26 MP: 5/9
  1241 | D:2      | Identified the amulet of Woipoibb {Acrobat Harm Fragile rF+
                  | rC+}
  1590 | D:2      | Identified the +7 short sword of Famine {vamp, rCorr Int+3
                  | Stlth-}
  2569 | D:3      | Noticed Grinder
  2587 | D:3      | Paralysed by Grinder for 4 turns
  2588 | D:3      | HP: 1/26 [Grinder/nerve-wracking pain (12)]
  2649 | D:3      | Slain by Grinder

Illustrated notes

Levels and vault maps discovered:
D:1:      kb_arrival_jail, layout_loops_ring, minmay_shallow_snake_nest
D:2:      kb_forest_paths, layout_loops_corners,
          chequers_ecumenical_altar_island
D:3:      layout_basic, serial_shops, nicolae_shop_hallway_plus, uniq_terence,
          uniq_grinder, uniq_ijyb

Skill      XL: |  1  2 |
---------------+-------+-----
Spellcasting   | 2 |  2.9
Summonings     | 4 |  4.4
Dodging        | |  1.7
Stealth        | |  1.7

Action                   || total
-------------------------++-------
Melee: Unarmed           ||     2
       Spear             ||    79
       Short sword       ||    23
Throw: Dart              ||     2
 Cast: Summon Small Mamm ||    74
  Use: Potion            ||     2
Armor: Robe              ||    28
Dodge: Dodged            ||    97
